Map: Berlingrad LE

Players

BigBird - Winner!

  • Race: Terran Terran
  • League: Gold
  • Spawn Location: 5:00

JDAWG

  • Race: Protoss Protoss
  • Spawn Location: 11:00

VOD

Have the link to the VOD?

Description

Time

  • Played on: May 29, 2022, 4:32 p.m.
  • Length: 11:39
Show
View Real Time Build Order
Export as new Build Order

BigBird Terran - Winner!

Build Orders:  

Get SALT Encoding   

  12  0:01  SCV  
  13  0:16  Supply Depot  
  13  0:18  SCV  
  14  0:30  SCV  
  14  0:32  Refinery  
  15  0:46  SCV, Barracks  
  16  0:58  SCV  
  17  1:06  Refinery  
  17  1:10  SCV  
  18  1:22  SCV  
  18  1:23  Supply Depot  
  19  1:35  SCV  
  20  1:43  Barracks Reactor  
  21  1:47  SCV  
  21  1:53  Factory  
  21  2:00  Orbital Command  
  21  2:20  Barracks  
  21  2:21  Reaper  
  21  2:22  Reaper  
  23  2:26  SCV  
  24  2:40  Starport, SCV  
  24  2:43  Factory Tech Lab  
  25  2:54  SCV  
  26  3:06  SCV  
  27  3:15  Command Center  
  27  3:18  SCV  
  27  3:51  Starport Tech Lab  
  27  3:58  Command Center, Barracks Tech Lab  
  27  4:08  Starport, Siege Tank  
  30  4:17  Supply Depot  
  30  4:20  Engineering Bay  
  30  4:21  Cloaking Field  
  30  4:30  Orbital Command  
  30  4:43  Siege Tank  
  30  4:45  SCV  
  34  4:48  Starport Tech Lab  
  34  4:53  Stimpack  
  34  4:57  SCV  
  35  5:10  Missile Turret  
  35  5:11  Missile Turret  
  35  5:17  Missile Turret  
  35  5:19  Banshee  
  35  5:21  Marine  
  39  5:22  Refinery, Marine  
  39  5:26  Refinery, Marine  
  41  5:38  Marine  
  42  5:44  SCV, Marauder  
  42  5:46  Planetary Fortress  
  42  5:48  Marine  
  46  5:53  Medivac  
  48  5:59  Marine  
  48  6:01  SCV  
  48  6:02  SCV  
  51  6:05  Marauder  
  51  6:06  Marine  
  54  6:13  SCV  
  54  6:14  Medivac  
  54  6:17  Marine  
  58  6:28  Barracks  
  58  6:32  Barracks  
  58  6:35  Factory, SCV x3  
  58  6:39  Viking  
  63  6:43  Marine  
  63  6:44  Marine  
  63  6:46  Combat Shield  
  65  7:21  Marauder, Marine  
  65  7:22  Marine x3  
  61  7:37  Siege Tank  
  61  7:39  Marine  
  61  7:40  Marine x2  
  61  7:42  Marauder  
  66  7:50  Banshee  
  61  8:01  Barracks Tech Lab  
  61  8:02  Barracks Reactor  
  61  8:04  Marauder  
  63  8:09  Siege Tank  
  66  8:13  Neosteel Armor  
  66  8:16  Marine x2  
  68  8:27  Factory Tech Lab  
  68  8:34  Marine  
  68  8:35  Supply Depot  
  68  8:37  Supply Depot  
  68  8:38  Supply Depot  
  68  8:40  Command Center  
  69  8:43  Armory  
  69  8:47  Armory  
  69  8:56  Marine  
  69  8:57  Marauder x2  
  69  9:00  Engineering Bay  
  74  9:03  Siege Tank  
  74  9:05  Siege Tank  
  80  9:12  SCV  
  80  9:13  SCV x2  
  83  9:17  Concussive Shells  
  83  9:18  Marine  
  83  9:21  Banshee  
  83  9:22  Banshee  
  90  9:24  SCV  
  91  9:45  Marine x4  
  90  9:46  Marine x2  
  79  10:02  Marine  
  79  10:03  Siege Tank, Marine x3  
  79  10:04  Siege Tank, Marine  
  79  10:05  Marauder  
  92  10:07  Banshee x2  
  98  10:20  Marine  
  99  10:26  Marauder  
  99  10:27  Marauder, Marine x3  
  106  10:38  Marine  
  107  10:44  Marine  
  107  10:45  Siege Tank  
  108  10:58  Marine  
  108  10:59  Marauder  
  108  11:14  Marine x3  
Show
View Real Time Build Order
Export as new Build Order

JDAWG Protoss 

Build Orders: 1 Gate Expand 

Get SALT Encoding   

  12  0:00  Probe  
  13  0:14  Probe  
  13  0:20  Pylon  
  14  0:27  Probe  
  15  0:39  Probe  
  15  0:41  Gateway  
  16  0:51  Probe  
  17  0:58  Assimilator  
  17  1:03  Probe  
  18  1:15  Probe  
  19  1:27  Probe  
  19  1:29  Zealot  
  19  1:32  Nexus  
  22  1:49  Cybernetics Core  
  22  1:55  Probe  
  23  2:16  Pylon  
  23  2:34  Probe, Zealot  
  26  2:43  Assimilator  
  26  2:46  Probe  
  26  2:47  Warp Gate  
  26  2:50  Probe  
  28  2:58  Probe  
  28  3:01  Stalker  
  28  3:02  Probe  
  32  3:10  Probe  
  33  3:14  Probe  
  33  3:18  Robotics Facility  
  34  3:21  Shield Battery  
  34  3:23  Probe  
  26  3:47  Probe x2  
  28  3:58  Zealot  
  28  3:59  Probe  
  28  4:00  Probe  
  32  4:04  Assimilator  
  32  4:06  Assimilator  
  32  4:11  Probe  
  32  4:12  Probe  
  34  4:18  Pylon  
  34  4:22  Pylon  
  34  4:23  Probe  
  35  4:27  Forge  
  35  4:35  Observer  
  36  4:39  Probe  
  36  4:40  Probe  
  38  4:51  Probe  
  38  4:52  Probe  
  40  4:57  Immortal  
  44  5:03  Probe  
  44  5:04  Zealot  
  47  5:11  Gateway  
  47  5:14  Pylon  
  47  5:17  Gateway  
  47  5:21  Probe x2  
  47  5:24  Gateway  
  49  5:30  Pylon  
  49  5:33  Probe, Stalker  
  49  5:34  Probe  
  53  5:40  Protoss Ground Weapons Level 1  
  53  5:41  Gateway  
  53  5:49  Pylon  
  53  5:56  Pylon  
  53  5:59  Pylon  
  53  6:01  Gateway  
  53  6:02  Gateway  
  53  6:07  Probe x2, Gateway  
  55  6:19  Probe x2  
  55  6:21  Zealot x2  
  55  6:22  Zealot x2  
  65  6:33  Twilight Council  
  65  6:48  Stalker x2  
  65  6:49  Stalker  
  65  6:50  Zealot  
  65  6:51  Zealot  
  75  7:00  Immortal  
  47  7:39  Warp Prism  
  47  7:40  Zealot x2  
  47  7:41  Zealot x4  
  47  7:42  Zealot  
  47  7:43  Zealot  
  59  8:01  Stalker  
  59  8:02  Stalker  
  59  8:03  Stalker x2  
  59  8:04  Stalker  
  69  8:21  Charge  
  69  8:24  Protoss Shields Level 1  
  69  8:46  Zealot  
  69  8:47  Zealot x3  
  69  8:48  Zealot x2  
  79  8:49  Zealot  
  79  8:50  Zealot  
  83  9:12  Templar Archives  
  83  9:19  Pylon  
  83  9:20  Pylon  
  83  9:22  Pylon  
  83  9:23  Pylon  
  83  9:25  Pylon  
  83  9:27  Pylon, Zealot x5  
  83  9:28  Zealot x3  
  40  10:01  Zealot x2  
  40  10:02  Zealot x4  
  40  10:03  Zealot x2  
  56  10:15  Probe x2  
  35  10:51  Stalker x5  
  35  10:52  Stalker x3  
  49  11:06  Pylon  
  49  11:09  Pylon  
  39  11:25  Zealot x5  
  41  11:26  Zealot x2  
Tags
 
League
Gold
Matchup
PvT
Spawn Locations
Cross Positions
Add a new tag
Caveats
  • Supply blocks, unpowered buildings, or Contaminate may cause inaccurate times.
  • Supply counts are checked every 10 seconds.